 Dungeon Crawl Stone Soup version 0.30-a0-965-g42e074c17a (webtiles) character file.

Game seed: 4668339490255178492

389 cforsyth the Cudgeller (level 7, -1/56 HPs)
             Began as a Formicid Fighter on Mar 31, 2023.
             Slain by an iguana (4 damage)
             ... on level 4 of the Dungeon.
             The game lasted 00:03:18 (3672 turns).

cforsyth the Cudgeller (Formicid Fighter)           Turns: 3672, Time: 00:03:18

Health: -1/56      AC:  8    Str: 22    XL:     7   Next: 7%
Magic:  7/7        EV:  9    Int:  8    God:
Gold:   220        SH:  6    Dex: 19    Spells: 6/6 levels left

rFire   + . .      SeeInvis +    a - +0 flail
rCold   + . .      Faith    .    c - +0 buckler
rNeg    . . .      Spirit   .    b - +0 scale mail
rPois   +          Reflect  .    (helmet unavailable)
rElec   +          Rampage  .    (no cloak)
rCorr   +                        e - +0 pair of gloves
Will    .....                    (no boots) Stlth
                                 (no amulet)
HPRegen 0.29/turn                v - +6 ring of dexterity
MPRegen 0.10/turn                (no ring)

@: lethally poisoned (-1 -> -23), resistant, attractive
A: permanent stasis, dig shafts and tunnels, antennae 3, four strong arms,
talons 1, MP-powered wands, devolution 1
a: Dig, Shaft Self


You were on level 4 of the Dungeon.
You visited 2 branches of the dungeon, and saw 5 of its levels.

You collected 220 gold pieces.

Inventory:

Hand Weapons
 a - a +0 flail (weapon)
Armour
 b - a +0 scale mail (worn)
 c - a +0 buckler (worn)
 e - a +0 pair of gloves (worn)
Jewellery
 v - a +6 ring of dexterity (left hand)
Scrolls
 i - 2 scrolls of identify {unknown}
 l - 4 scrolls of teleportation {unknown}
 m - a scroll of acquirement {unknown}
 o - a scroll of torment {unknown}
 p - a scroll of enchant weapon {unknown}
 r - 2 scrolls of blinking {unknown}
 u - a scroll of fear {unknown}
 x - a scroll of noise {unknown}
 y - a scroll of silence {unknown}
Potions
 d - a potion of might
 f - 2 potions of attraction
 g - a potion of ambrosia {unknown}
 h - a potion of invisibility {unknown}
 j - a potion of resistance
 k - a potion of berserk rage {unknown}
 n - a potion of curing {unknown}
 s - a potion of degeneration {unknown}
 t - a potion of heal wounds {unknown}
 w - a potion of haste {unknown}
 z - a potion of lignification {unknown}


   Skills:
 + Level 5.3 Fighting
 * Level 5.8 Maces & Flails
 - Level 3.2 Armour
 - Level 4.0 Shields


You had 6 spell levels left.
You didn't know any spells.
Your spell library contained the following spells:

 Spells                   Type           Power      Damage    Failure   Level
 Summon Small Mammal      Summ           0%         N/A       80%         1
 Call Canine Familiar     Summ           0%         N/A       99%         3
 Summon Guardian Golem    Hex/Summ       0%         N/A       99%         3
 Manifold Assault         Tloc           0%         N/A       100%        4
 Storm Form               Tmut/Air       0%         N/A       100%        7
 Blink                    Tloc           Unusable   N/A       N/A         2

Dungeon Overview and Level Annotations

Branches:
Dungeon (4/15)             Temple (1/1) D:4

Altars:
Dithmenos
Elyvilon
Fedhas
Gozag
Hepliaklqana
Kikubaaqudgha
Nemelex Xobeh
Qazlal
Sif Muna
Trog
Vehumet
Xom
Yredelemnul
Zin
The Shining One


Innate Abilities, Weirdness & Mutations

You cannot be hasted, slowed, berserked, paralysed or teleported.
You can dig through walls and to a lower floor.
You have a pair of large antennae on your head. (SInv)
Your four strong arms can wield two-handed weapons with a shield.
You have sharp toenails.
You expend magic power (3 MP) to strengthen your wands.
You have hidden genetic defects.


Message History

The iguana barely misses you.
You completely miss the water moccasin.
The water moccasin is heavily wounded.
You feel sick. The water moccasin bites you. You block the iguana's attack.
The water moccasin bites you but does no damage.
You closely miss the water moccasin.
The water moccasin is heavily wounded.
You feel sick.
The water moccasin bites you but does no damage.
The iguana bites you.
You are too injured to fight recklessly!
You are too injured to fight recklessly!
You are too injured to fight recklessly!
You are too injured to fight recklessly!
You are too injured to fight recklessly!
You are too injured to fight recklessly!
You are too injured to fight recklessly!
You are too injured to fight recklessly!
It was a potion of attraction.
You feel attractive to monsters.
You feel sick. You block the water moccasin's attack. The iguana bites you.
The water moccasin bites you!
* * * LOW HITPOINT WARNING * * *
You are more poisoned.
The water moccasin poisons you!
It was a potion of resistance.
You feel protected.
* * * LOW HITPOINT WARNING * * *
You feel very sick. The iguana closely misses you.
The water moccasin barely misses you.
It was a potion of mutation.
You feel extremely strange.
You feel your magical essence link to the dungeon's wands.
You feel a hidden malignance growing inside you.
Your toenails lengthen and sharpen.
* * * LOW HITPOINT WARNING * * *
You feel sick. The water moccasin bites you!
* * * LOW HITPOINT WARNING * * *
You are more poisoned.
The water moccasin poisons you! The iguana bites you.
You die...

##### ############## ....#
.............# ....# ########
.............# ....# #..##≈§#
.......†.....# ....# ##....≈≈≈
...##...##..#####S...####....≈.≈.
##+##...##+##...@......#...≈≈≈≈.≈
..............#.l......#..#≈≈§≈≈#
..............#....^...#..###≈≈##
..............#........#..# ####
#####.######..#........##.####
..# #.# #####....#####>##.# ..#
.. #....# #.....# ..+... #....+
#.).<.# ..### ....# ##..###


You could see a water moccasin and an iguana.

Vanquished Creatures
  An ogre (D:4)
  A scorpion (D:4)
  An orc priest (D:4)
  A sleepcap (D:4)
  11 adders
  2 gnolls (D:4)
  2 worms
  6 orcs
  5 bats
  3 endoplasms
  6 giant cockroaches
  4 goblins
  7 hobgoblins
  5 jackals
  4 quokkas
  5 ball pythons
  A frilled lizard (D:2)
  4 kobolds
  5 rats
74 creatures vanquished.

Notes
Turn   | Place    | Note
-------+----------+-------------------------------------------
     0 | D:1      | cforsyth the Formicid Fighter began the quest for the Orb.
     0 | D:1      | Reached XP level 1. HP: 18/18 MP: 1/1
   103 | D:1      | Reached XP level 2. HP: 24/24 MP: 2/2
   895 | D:2      | Reached XP level 3. HP: 30/30 MP: 3/3
  1525 | D:2      | Reached XP level 4. HP: 34/37 MP: 4/4
  1945 | D:3      | Reached XP level 5. HP: 42/42 MP: 5/5
  2984 | D:4      | Found a staircase to the Ecumenical Temple.
  3033 | D:4      | Noticed an ogre
  3079 | Temple   | Entered the Ecumenical Temple
  3086 | D:4      | Killed an ogre
  3087 | D:4      | Reached skill level 5 in Fighting
  3087 | D:4      | Reached skill level 5 in Maces & Flails
  3087 | D:4      | Reached XP level 6. HP: 36/51 MP: 6/6
  3430 | D:4      | Reached XP level 7. HP: 32/56 MP: 7/7
  3661 | D:4      | Noticed a water moccasin
  3672 | D:4      | Gained mutation: You expend magic power (3 MP) to
                  | strengthen your wands. [potion of mutation]
  3672 | D:4      | Gained mutation: You have hidden genetic defects. [potion
                  | of mutation]
  3672 | D:4      | Gained mutation: You have sharp toenails. [potion of
                  | mutation]
  3672 | D:4      | Slain by an iguana

Illustrated notes

Levels and vault maps discovered:
D:1:      dpeg_arrival_arbitrary_c, layout_basic, nicolae_figureground_pulse
D:2:      layout_basic
D:3:      layout_basic, minmay_snake_closets
D:4:      minmay_recursive_quarters, layout_gridville,
          minmay_temple_entry_fiery, serial_shops, shop
Temple:   minmay_freezing_vapour_temple

Skill      XL: |  1  2  3  4  5 |
---------------+----------------+-----
Maces & Flails | 3 4 5 |  5.8
Fighting       | 4 5 |  5.3
Armour         | |  3.2
Shields        | |  4.0

Action                     |  1- 3 |  4- 6 |  7- 9 || total
---------------------------+-------+-------+-------++-------
  Melee: Flail             |    85 |   127 |    14 ||   226
    Use: Potion            |       |       |     3 ||     3
 Armour: Scale mail        |    54 |    64 |     9 ||   127
  Dodge: Dodged            |    52 |    80 |     7 ||   139
  Block: Buckler           |    15 |    23 |     4 ||    42

Table legend: (Time is in decaauts)
 A = Elapsed time spent in this place.
 B = Non-inter-level travel time spent in this place.
 C = Inter-level travel time spent in this place.
 D = Time resting spent in this place.
 E = Time spent auto-exploring this place.
 F = Levels seen in this place.
 G = Mean time per level.
                   A        B        C        D        E       F      G
               +--------+--------+--------+--------+--------+-----+--------+
         Total |   3725 |   3591 |    134 |    100 |   2898 |   5 |  745.0 |
       Dungeon |   3723 |   3589 |    134 |    100 |   2898 |   4 |  930.8 |
        Temple |      1 |      1 |      0 |      0 |      0 |   1 |    1.0 |
               +--------+--------+--------+--------+--------+-----+--------+

Top non-repeatable levels by time:
     D:3: 1197 daAuts
     D:2: 1000 daAuts
     D:1: 808 daAuts
     D:4: 717 daAuts
  Temple: 1 daAuts
